 Dungeon Crawl Stone Soup version 0.22.0-21-g8bd1b0a (webtiles) character file.

34 tsouns the Sneak (level 3, 0/28 HPs)
             Began as a Naga Ice Elementalist on Aug 19, 2018.
             Slain by an adder (3 damage)
             ... on level 2 of the Dungeon.
             The game lasted 00:02:26 (802 turns).

tsouns the Sneak (Naga Ice Elementalist)             Turns: 802, Time: 00:02:27

Health: 0/28       AC:  2    Str: 10    XL:     3   Next: 31%
Magic:  1/6        EV: 15    Int: 16    God:
Gold:   93         SH:  0    Dex: 16    Spells: 3/6 levels left

rFire    + . .     SeeInvis +   i - +0 hand axe
rCold    + . .     Gourm    .   (no shield)
rNeg     . . .     Faith    .   a - +0 robe
rPois    +         Spirit   .   (no helmet)
rElec    +         Reflect  .   (no cloak)
rCorr    +         Harm     .   (no gloves)
MR       +....                  (no barding)
Stlth    ++++......             l - amulet of magic regeneration
HPRegen  0.09/turn              e - ring of protection from magic
MPRegen  0.10/turn              (no ring)

@: agile, lethally poisoned (0 -> -1), short of breath, resistant, very slow
A: large, see invisible, deformed body, poison resistance, slowness 2, slow
metabolism 1, spit poison 1, AC +1
a: Spit Poison


You were on level 2 of the Dungeon.
You were not hungry.

You visited 1 branch of the dungeon, and saw 2 of its levels.

You collected 93 gold pieces.

Inventory:

Hand Weapons
 i - a +0 hand axe (weapon)
Missiles
 f - 18 stones (quivered)
Armour
 a - a +0 robe (worn)
Jewellery
 b - an uncursed amulet of regeneration
 e - a ring of protection from magic (left hand)
 l - an amulet of magic regeneration (around neck)
Scrolls
 d - a scroll of amnesia {unknown}
 h - a scroll of immolation {unknown}
 j - 3 scrolls of identify {unknown}
 k - a scroll of teleportation {unknown}
 m - a scroll of magic mapping {unknown}
Comestibles
 c - 3 rations
 n - a chunk of flesh


   Skills:
 + Level 0.9 Axes
 - Level 1.5 Dodging
 + Level 3.9 Stealth
 + Level 2.4 Spellcasting
 - Level 1.0 Conjurations
 + Level 3.4 Ice Magic


You had 3 spell levels left.
You knew the following spells:

 Your Spells              Type           Power        Failure   Level  Hunger
a - Freeze                Ice            ##..         4%          1    #......
b - Throw Frost           Conj/Ice       #.....       12%         2    ###....

Your spell library contained the following spells:

 Spells                   Type           Power        Failure   Level  Hunger
 Ozocubu's Armour         Chrm/Ice       #.......     30%         3    ###....
 Throw Icicle             Conj/Ice       #.......     63%         4    #####..
 Summon Ice Beast         Ice/Summ       #.......     69%         4    #####..


Dungeon Overview and Level Annotations

Branches:
Dungeon (2/15)

Altars:


Innate Abilities, Weirdness & Mutations

You cannot wear boots.
Your serpentine skin is tough. (AC +1)
You have supernaturally acute eyesight. (SInv)
Armour fits poorly on your strangely shaped body.
Your system is resistant to poisons. (rPois)
You cover ground very slowly.
You have a slow metabolism.
You can spit poison.


Message History

You closely miss the adder.
The adder is moderately wounded.
The adder barely misses you.
Press: ? - help, Shift-Dir - straight line, f/p - adder
Aim: an adder (moderately wounded)
The splash of poison misses the adder.
You feel slightly more hungry.
You feel sick. The adder bites you.
* * * LOW HITPOINT WARNING * * *
The adder bites you.
* * * LOW HITPOINT WARNING * * *
Okay, then.
It was a potion of resistance.
You feel protected. The adder bites you.
* * * LOW HITPOINT WARNING * * *
The adder bites you but does no damage.
It was a potion of agility.
You feel agile all of a sudden.
You feel sick. The adder bites you.
You die...

............###
................
...............(
.................##
#.........>.......##
...................#
#.................#
#.......>......@..#
#..........#####S.#
##........## #.†.#
##........## ......#
#..####<...#
.......# ..##
#..#..# #.......#
.### #.###.#
#.......# ...####.#
.# #........
.#..##..# .#
#........#


You could see an adder.

Vanquished Creatures
  An adder (D:2)
  2 leopard geckos (D:1)
  3 giant cockroaches (D:1)
  2 goblins (D:1)
  3 hobgoblins (D:1)
  2 jackals (D:1)
  3 kobolds (D:1)
  A bat (D:1)
  5 rats
22 creatures vanquished.

Notes
Turn   | Place    | Note
-------+----------+-------------------------------------------
     0 | D:1      | tsouns the Naga Ice Elementalist began the quest for the Orb.
     0 | D:1      | Reached XP level 1. HP: 15/15 MP: 3/3
   113 | D:1      | Reached XP level 2. HP: 17/22 MP: 1/5
   161 | D:1      | Learned a level 2 spell: Throw Frost
   749 | D:2      | Reached XP level 3. HP: 27/28 MP: 1/6
   802 | D:2      | Slain by an adder

Action                   || total
-------------------------++-------
Melee: Hand axe          ||    10
 Cast: Freeze            ||    32
 Abil: Spit Poison       ||     1
  Use: Potion            ||     2
Armor: Robe              ||     4
Dodge: Dodged            ||    26
